[Event "Mort2215s: 10 Euro playmoney, 11 players"]
[Site "www.chessgamble.com"]
[Date "2020.11.03"]
[Round "1"]
[White "Bauernopfer"]
[Black "donar"]
[Result "0-1"]
[WhiteElo "2146"]
[BlackElo "2205"]
[TimeControl "10/864000"]
[Mode "ICS"]

1. e4 c6 2. d4 d5 3. exd5 cxd5 4. c4 Nf6 5. Nc3 e6 6. Nf3 Bb4 7. Bf4 O-O 8. c5 Nc6 9. Bd3 Qa5 10. Qd2 Ne4 11. Bxe4 dxe4 12. Ne5 Qa6 13. h4 Nxe5 14. Bxe5 Bd7 15. Qe2 Bb5 16. Qxe4 Bd3 17. Qe3 f6 18. Bd6 Bxc3+ 19. bxc3 Rfe8 20. Rh3 Bc4 21. a4 Bb3 22. a5 Rac8 23. Rg3 Kh8 24. Qe2 Bc4 25. Qg4 Rg8 26. h5 Qb5 27. h6 gxh6 28. Qh4 Rxg3 29. Qxf6+ Rg7 30. Be5 Qd7 31. Rb1 Bd5 32. Qxh6 Kg8 33. Qxg7+ Qxg7 34. Bxg7 Kxg7 35. f3 Rc7 36. Rb4 Kf6 37. c4 Bc6 38. Kf2 Rg7 39. Rb2 Kf5 40. Re2 Kf6 41. g3 Rg5 42. Re1 Rf5 43. Re3 Rh5 44. Kg2 h6 45. Re2 Rf5 46. Re3 Ba4 47. g4 Rf4 48. d5 Bd7 49. a6 bxa6 50. c6 Bc8 51. d6 Rd4 52. c5 Rd5 53. f4 Rxc5 54. d7 Bxd7 55. cxd7 Rd5 56. Rh3 Rd2+ 57. Kf1 Kg7 58. Re3 Rxd7 59. Rxe6 Rd4 60. Rxa6 Rxf4+ 61. Kg2 Rf7 62. Kg3 Rd7 63. Kf4 Kh7 64. Ke5 Rg7 65. Kf4 Re7 66. Kf5 Rf7+ 67. Ke5 Kg7 68. Rd6 Rb7 69. Ra6 Kh7 70. Kf5 Rb5+ 71. Ke4 Rb7 72. Ke5 Kg7 73. Kd5 Rb4 74. Rxa7+ Kg6 75. Ke5 Rxg4 76. Ra8 Rg5+ 77. Ke6 Kh5 78. Kf6 Rg6+ 79. Kf5 Rg5+ 80. Kf6 Rg6+ 81. Kf5 Rg2 82. Ra4 Rg5+ 83. Ke6 Rg2 84. Ra5+ Kg6 85. Ra8 Re2+ 86. Kd6 h5 87. Rh8 Kg5 88. Rg8+ Kf5 89. Rf8+ Kg4 90. Rg8+ Kh3 91. Rg7 h4 92. Rh7 Kg3 93. Rg7+ Kh2 94. Rh7 h3 95. Kd5 Kg3 96. Rg7+ Kf4 97. Rh7 h2 98. Rh3 Kg4 99. Rh8 Kf3 100. Kc6 Kg2 101. 0-1

[Event "Mort2215s: 10 Euro playmoney, 11 players"]
[Site "www.chessgamble.com"]
[Date "2020.11.03"]
[Round "1"]
[White "Frankfurter"]
[Black "donar"]
[Result "0-1"]
[WhiteElo "1738"]
[BlackElo "2205"]
[TimeControl "10/864000"]
[Mode "ICS"]

1. d4 Nf6 2. c4 g6 3. Nc3 Bg7 4. e4 d6 5. Be2 Nbd7 6. Nh3 c5 7. O-O cxd4 8. Qxd4 Qb6 9. Qxb6 Nxb6 10. Be3 Ng4 11. Bd2 Ne5 12. Nd5 Nexc4 13. Nxb6 Nxb6 14. Rab1 Bxh3 15. gxh3 d5 16. Bb5+ Kf8 17. f3 a6 18. Bd3 Rc8 19. Be3 d4 20. Bf4 e5 21. Bg5 f6 22. Bd2 Kf7 23. Rbc1 h5 24. f4 Bh6 25. Rxc8 Nxc8 26. Bc4+ Kg7 27. Bd5 b5 28. Bb7 Nd6 29. Bxa6 Ra8 30. fxe5 fxe5 31. Bxb5 Bxd2 32. a4 Rb8 33. Bd3 Rb3 34. 0-1

[Event "Mort2215s: 10 Euro playmoney, 11 players"]
[Site "www.chessgamble.com"]
[Date "2020.11.03"]
[Round "1"]
[White "donar"]
[Black "Frankfurter"]
[Result "1-0"]
[WhiteElo "2205"]
[BlackElo "1738"]
[TimeControl "10/864000"]
[Mode "ICS"]

1. e4 e5 2. Nf3 Nc6 3. Bc4 Bc5 4. Nc3 Nh6 5. d3 Ng4 6. d4 b5 7. Bxf7+ Kxf7 8. dxc5 Nf6 9. Nxb5 Ba6 10. Qd3 Bxb5 11. Qxb5 Nd4 12. Qc4+ Ke8 13. Nxe5 Ne6 14. Be3 d5 15. cxd6 Qxd6 16. Qb5+ Kf8 17. Rd1 1-0

[Event "Mort2215s: 10 Euro playmoney, 11 players"]
[Site "www.chessgamble.com"]
[Date "2020.11.03"]
[Round "1"]
[White "donar"]
[Black "BuchnerF"]
[Result "1-0"]
[WhiteElo "2205"]
[BlackElo "2121"]
[TimeControl "10/864000"]
[Mode "ICS"]

1. e4 e6 2. d4 d5 3. exd5 exd5 4. Nf3 Bg4 5. Be2 Nf6 6. O-O Bd6 7. h3 Bf5 8. g4 Be4 9. g5 Nfd7 10. Na3 Nb6 11. Ne5 Bxe5 12. dxe5 O-O 13. f4 c5 14. Nb5 Qd7 15. Kh2 Nc6 16. Bg4 Qe7 17. b3 a6 18. Nd6 h6 19. gxh6 Nd4 20. hxg7 Kxg7 21. c3 Nc2 22. Rb1 f5 23. Bf3 1-0

[Event "Mort2215s: 10 Euro playmoney, 11 players"]
[Site "www.chessgamble.com"]
[Date "2020.11.03"]
[Round "1"]
[White "BuchnerF"]
[Black "donar"]
[Result "1/2-1/2"]
[WhiteElo "2121"]
[BlackElo "2205"]
[TimeControl "10/864000"]
[Mode "ICS"]

1. e4 c5 2. c3 d5 3. exd5 Qxd5 4. d4 cxd4 5. Nf3 Nc6 6. cxd4 Nf6 7. h3 Bf5 8. Nc3 Qe6+ 9. Be3 Nd5 10. Nxd5 Qxd5 11. Be2 Qa5+ 12. Kf1 Qd5 13. Kg1 Rd8 14. Nh4 Be6 15. Qa4 Qa5 16. Qxa5 Nxa5 17. Bb5+ Nc6 18. Nf3 f6 19. Kh2 a6 20. Bxc6+ bxc6 21. Bf4 Kf7 22. Rhe1 Bd5 23. Nd2 e6 24. f3 g5 25. Bg3 c5 26. dxc5 Bxc5 27. b3 Bb4 28. Re2 Rc8 29. Ne4 Rhd8 30. Rd1 h5 31. Bf2 e5 32. Bb6 Rd7 33. g4 Ke6 34. Kg2 hxg4 35. hxg4 Bxe4 36. Rxd7 Bxf3+ 37. Kxf3 Kxd7 38. Ke4 Ke6 39. Rh2 Rc1 40. Rh8 Rc2 41. Re8+ Kf7 42. Ra8 Rxa2 43. Kf5 Rd2 44. Ra7+ Kf8 45. Ra8+ Kg7 46. Ra7+ Kh6 47. Rf7 Rd3 48. Rxf6+ Kg7 49. Re6 Kf7 50. Rf6+ Ke7 51. Re6+ Kd7 52. 1/2-1/2

[Event "Mort2215s: 10 Euro playmoney, 11 players"]
[Site "www.chessgamble.com"]
[Date "2020.11.03"]
[Round "1"]
[White "FrankP"]
[Black "donar"]
[Result "0-1"]
[WhiteElo "1525"]
[BlackElo "2205"]
[TimeControl "10/864000"]
[Mode "ICS"]

1. e4 e6 2. d4 d5 3. e5 c5 4. b3 cxd4 5. Qxd4 Nc6 6. Qf4 Nge7 7. Qg5 h6 8. Qe3 Nf5 9. Qf4 g5 10. Qf3 Nxe5 11. Qc3 Bg7 12. Qc5 Nd7 13. Qb5 Bxa1 14. 0-1

[Event "Mort2215s: 10 Euro playmoney, 11 players"]
[Site "www.chessgamble.com"]
[Date "2020.11.03"]
[Round "1"]
[White "donar"]
[Black "FrankP"]
[Result "1-0"]
[WhiteElo "2205"]
[BlackElo "1525"]
[TimeControl "10/864000"]
[Mode "ICS"]

1. e4 e5 2. Nf3 Nc6 3. Bb5 Nf6 4. d3 h6 5. O-O d6 6. Nc3 a5 7. d4 Qe7 8. d5 Bd7 9. dxc6 bxc6 10. Bc4 Be6 11. Qd3 g5 12. Bxe6 Qxe6 13. h4 gxh4 14. Nxh4 Qg4 15. Qc4 Qd7 16. Rd1 Rg8 17. Nf5 d5 18. exd5 cxd5 19. Nxd5 1-0

[Event "Mort2215s: 10 Euro playmoney, 11 players"]
[Site "www.chessgamble.com"]
[Date "2020.11.03"]
[Round "1"]
[White "donar"]
[Black "Nexus"]
[Result "1-0"]
[WhiteElo "2205"]
[BlackElo "1911"]
[TimeControl "10/864000"]
[Mode "ICS"]

1. e4 e6 2. d4 d5 3. Nc3 Nf6 4. Bg5 Bb4 5. e5 h6 6. Bd2 Nfd7 7. a3 Bxc3 8. bxc3 Nc6 9. Bd3 O-O 10. Qh5 f6 11. Bxh6 Ndxe5 12. dxe5 Nxe5 13. Be3 Nxd3+ 14. cxd3 e5 15. Ne2 b6 16. O-O Qe8 17. Qxe8 Rxe8 18. Ng3 Bd7 19. f4 e4 20. dxe4 dxe4 21. Rfd1 Rad8 22. Rd4 Bb5 23. Rad1 Bd3 24. Rxd8 Rxd8 25. Nxe4 Rd5 26. Nf2 Bc4 27. Rxd5 Bxd5 28. g4 c5 29. f5 Kf7 30. Nd3 Be4 31. Nf4 Bf3 32. h3 Be4 33. Kf2 a6 34. h4 Ke7 35. Bd2 Bc6 36. Ne6 g6 37. h5 gxh5 38. gxh5 Be4 39. Nc7 a5 40. h6 Bxf5 41. Nd5+ Ke6 42. c4 Ke5 43. Nxb6 1-0

[Event "Mort2215s: 10 Euro playmoney, 11 players"]
[Site "www.chessgamble.com"]
[Date "2020.11.03"]
[Round "1"]
[White "Nexus"]
[Black "donar"]
[Result "0-1"]
[WhiteElo "1911"]
[BlackElo "2205"]
[TimeControl "10/864000"]
[Mode "ICS"]

1. e4 e5 2. Nf3 Nf6 3. d4 Nxe4 4. Bd3 d5 5. O-O exd4 6. Nxd4 Bc5 7. c3 O-O 8. Bf4 g5 9. Be3 f5 10. Nd2 f4 11. Bxe4 fxe3 12. Bxh7+ Kxh7 13. Qc2+ Kh6 14. fxe3 Rxf1+ 15. Rxf1 Qe7 16. Qd3 Nc6 17. Qe2 Nxd4 18. 0-1

[Event "Mort2215s: 10 Euro playmoney, 11 players"]
[Site "www.chessgamble.com"]
[Date "2020.11.03"]
[Round "1"]
[White "Lev"]
[Black "donar"]
[Result "0-1"]
[WhiteElo "1986"]
[BlackElo "2205"]
[TimeControl "10/864000"]
[Mode "ICS"]

1. e4 e6 2. d4 d5 3. Nc3 Nf6 4. Bg5 Be7 5. Nf3 Nxe4 6. Nxe4 dxe4 7. Bb5+ c6 8. Bxe7 Qxe7 9. Bc4 exf3 10. Qxf3 Qb4+ 11. Qc3 Qxc3+ 12. bxc3 b5 13. Be2 Ke7 14. a4 Bb7 15. Rg1 a6 16. Kd2 Nd7 17. c4 bxa4 18. Rgb1 Rhb8 19. Bf3 Ra7 20. Rxa4 c5 21. Bxb7 Raxb7 22. Rxb7 Rxb7 23. Ke3 cxd4+ 24. Kxd4 e5+ 25. Kd5 Rb6 26. c5 Rb5 27. Kc4 Rxc5+ 28. 0-1

[Event "Mort2215s: 10 Euro playmoney, 11 players"]
[Site "www.chessgamble.com"]
[Date "2020.11.03"]
[Round "1"]
[White "donar"]
[Black "Lev"]
[Result "1-0"]
[WhiteElo "2205"]
[BlackElo "1986"]
[TimeControl "10/864000"]
[Mode "ICS"]

1. e4 c6 2. d4 d5 3. exd5 cxd5 4. c4 Nf6 5. Nc3 e6 6. c5 Be7 7. Nf3 O-O 8. Bd3 b6 9. b4 Nc6 10. a3 bxc5 11. bxc5 Qa5 12. Bd2 Bd7 13. Nxd5 Qd8 14. Nxe7+ Qxe7 15. O-O Nd5 16. Rb1 e5 17. Qb3 Be6 18. dxe5 Rab8 19. Qc2 g6 20. Bh6 Rfe8 21. Rxb8 Rxb8 22. Rd1 f6 23. Be4 Rd8 24. exf6 Qxf6 25. Bg5 1-0

[Event "Mort2215s: 10 Euro playmoney, 11 players"]
[Site "www.chessgamble.com"]
[Date "2020.11.03"]
[Round "1"]
[White "donar"]
[Black "baller"]
[Result "1-0"]
[WhiteElo "2205"]
[BlackElo "1944"]
[TimeControl "10/864000"]
[Mode "ICS"]

1. e4 c6 2. d4 d5 3. Nc3 dxe4 4. Nxe4 Bf5 5. Ng3 Bg6 6. Nf3 Nf6 7. Be2 Nbd7 8. Bf4 Nd5 9. Bd2 Qc7 10. c4 N5f6 11. O-O O-O-O 12. Qa4 Kb8 13. Ba5 Nb6 14. Qb4 Ne4 15. Nxe4 Bxe4 16. c5 Bxf3 17. Bxf3 e6 18. cxb6 Qxb6 19. Qe1 1-0

[Event "Mort2215s: 10 Euro playmoney, 11 players"]
[Site "www.chessgamble.com"]
[Date "2020.11.03"]
[Round "1"]
[White "baller"]
[Black "donar"]
[Result "0-1"]
[WhiteElo "1944"]
[BlackElo "2205"]
[TimeControl "10/864000"]
[Mode "ICS"]

1. e4 c5 2. c3 d5 3. exd5 Qxd5 4. b3 Nc6 5. Qf3 Nf6 6. Na3 Bf5 7. Qf4 O-O-O 8. d4 Qe4+ 9. Ne2 cxd4 10. f3 Qxf4 11. Bxf4 dxc3 12. Nxc3 e5 13. Bc1 Bb4 14. Nab5 a6 15. a3 Be7 16. g4 Bg6 17. g5 Nh5 18. Be3 axb5 19. Kf2 Nf4 20. Rg1 Nd3+ 21. Bxd3 Rxd3 22. 0-1

[Event "Mort2215s: 10 Euro playmoney, 11 players"]
[Site "www.chessgamble.com"]
[Date "2020.11.03"]
[Round "1"]
[White "Bauernopfer"]
[Black "Frankfurter"]
[Result "1-0"]
[WhiteElo "2146"]
[BlackElo "1738"]
[TimeControl "10/864000"]
[Mode "ICS"]

1. c4 Nf6 2. Nf3 d5 3. e3 Ne4 4. Nc3 Nxc3 5. dxc3 dxc4 6. Qxd8+ Kxd8 7. Bxc4 Ke8 8. e4 Nd7 9. Be3 Nf6 10. Ne5 e6 11. Bb5+ c6 12. Nxc6 Bd7 13. Nxa7 Rxa7 14. Bxd7+ Nxd7 15. Bxa7 Bc5 16. Bxc5 Nxc5 17. Rd1 Nxe4 18. Ke2 Ke7 19. Rd4 f5 20. Rhd1 b6 21. Rd7+ Kf6 22. Rb7 Rc8 23. Rxb6 Ra8 24. f3 Nc5 25. Rb5 1-0

[Event "Mort2215s: 10 Euro playmoney, 11 players"]
[Site "www.chessgamble.com"]
[Date "2020.11.03"]
[Round "1"]
[White "Frankfurter"]
[Black "Bauernopfer"]
[Result "0-1"]
[WhiteElo "1738"]
[BlackElo "2146"]
[TimeControl "10/864000"]
[Mode "ICS"]

1. d4 d5 2. c4 e6 3. Nc3 Nf6 4. Bg5 Nbd7 5. e3 c6 6. Nf3 Qa5 7. Ne5 Bb4 8. Qc2 Bxc3+ 9. Qxc3 Qxc3+ 10. bxc3 Nxe5 11. dxe5 Ne4 12. h4 h6 13. Bf4 Nxc3 14. Bd3 dxc4 15. Bxc4 b5 16. Rc1 b4 17. O-O a5 18. f3 Ba6 19. Bxa6 Rxa6 20. Rf2 Ra7 21. Rd2 Rd7 22. e4 Rxd2 23. Bxd2 Ne2+ 24. Kf2 Nxc1 25. Bxc1 c5 26. Be3 c4 27. h5 b3 28. axb3 cxb3 29. Bc1 a4 30. Ba3 Kd7 31. 0-1

[Event "Mort2215s: 10 Euro playmoney, 11 players"]
[Site "www.chessgamble.com"]
[Date "2020.11.03"]
[Round "1"]
[White "BuchnerF"]
[Black "Bauernopfer"]
[Result "1-0"]
[WhiteElo "2121"]
[BlackElo "2146"]
[TimeControl "10/864000"]
[Mode "ICS"]

1. e4 Nf6 2. e5 Nd5 3. c4 Nb6 4. c5 Nd5 5. d4 d6 6. Nf3 Nc6 7. Bc4 dxc5 8. dxc5 e6 9. Bg5 f6 10. exf6 gxf6 11. Bxd5 exd5 12. Be3 Rg8 13. Kf1 Qd7 14. g3 Qh3+ 15. Ke1 Be6 16. a4 O-O-O 17. a5 d4 18. Nxd4 Qg2 19. Qf3 Qxf3 20. Nxf3 Bc4 21. Nbd2 Bb5 22. h3 f5 23. Nb1 Be7 24. Nc3 Bc4 25. Ra4 Bd3 26. Nd4 Nxd4 27. Rxd4 Rxd4 28. Bxd4 Rd8 29. Be3 c6 30. f3 Bf6 31. Kf2 Be5 32. Re1 Kd7 33. Rd1 Ke6 34. h4 Rd7 35. Re1 Kf7 36. Rd1 Kg6 37. Ne2 Rd5 38. Rd2 Bc4 39. Rxd5 cxd5 40. Bd4 Bc7 41. b4 f4 42. Nxf4+ Bxf4 43. gxf4 Kf5 44. Ke3 h5 45. Be5 a6 46. Bc7 Bb5 47. Be5 Bf1 48. Bb2 Bb5 49. Be5 Bf1 50. Bd6 Bg2 51. Ke2 Bh1 52. Ke3 Bg2 53. Kf2 Bh3 54. Be5 Ke6 55. Ke3 Bf1 56. Bg7 Kf5 57. Be5 Ke6 58. Bb2 Kf5 59. Bh8 Bc4 60. Bd4 Bb5 61. Bb2 Bf1 62. Bg7 Bh3 63. Bd4 Bf1 64. Bg7 Bg2 65. Bd4 Bf1 66. Bc3 Bb5 67. Bg7 Bf1 68. Bh6 Bg2 69. Bg5 Bf1 70. Kd4 Bg2 71. Kxd5 Bxf3+ 72. Kd4 Be4 73. Ke3 Bc2 74. Bd8 Ke6 75. Bg5 Kf5 76. Bd8 Bb3 77. Be7 Ba4 78. Kf3 Bd1+ 79. Kg3 Bb3 80. Bf8 Bd5 81. Bg7 Ke4 82. Bf8 Kd4 83. Bd6 Kc3 84. f5 Bc6 85. f6 Bd5 86. Kf4 Bf7 87. Kf5 Kc4 88. Kg5 Be8 89. Kh6 Kd5 90. Kg7 Ke6 91. Bf4 Kf5 92. Bc1 Ke6 93. Bf4 Bf7 94. Be5 Be8 95. Bb2 Bf7 96. Be5 Be8 97. Bg3 Bf7 98. Bf4 Be8 99. Be3 Bf7 100. Bf4 Be8 101. Bc1 Bf7 102. Bb2 Be8 103. Bc1 Bf7 104. Bb2 Be8 105. Bd4 Bf7 106. Bc3 Be8 107. Bb2 Bf7 108. Bd4 Be8 109. Bf2 Bf7 110. Bd4 Be8 111. Bf2 Bf7 112. Bg3 Be8 113. Bd6 Bf7 114. Bg3 Be8 115. Be1 Bf7 116. Bf2 Be8 117. Bg3 Bf7 118. Bf2 Be8 119. Be3 Bf7 120. Bg5 Be8 121. Bh6 Bf7 122. Be3 Be8 123. Bd4 Bf7 124. b5 1-0

[Event "Mort2215s: 10 Euro playmoney, 11 players"]
[Site "www.chessgamble.com"]
[Date "2020.11.03"]
[Round "1"]
[White "Bauernopfer"]
[Black "BuchnerF"]
[Result "1-0"]
[WhiteElo "2146"]
[BlackElo "2121"]
[TimeControl "10/864000"]
[Mode "ICS"]

1. e4 e5 2. Nf3 Nc6 3. Bb5 Bc5 4. c3 Nf6 5. d4 exd4 6. e5 Ne4 7. O-O dxc3 8. Qd5 cxb2 9. Bxb2 Bxf2+ 10. Rxf2 Nxf2 11. Kxf2 O-O 12. Nbd2 d6 13. Bxc6 bxc6 14. Qxc6 Bd7 15. Qc3 Qb8 16. exd6 Qb6+ 17. Qd4 Qxd4+ 18. Nxd4 cxd6 19. Ba3 Rfb8 20. Nc4 d5 21. Ne3 Be6 22. Rc1 Rb7 23. Rc5 Rd8 24. Nc6 Rd6 25. Nd4 Ra6 26. Nec2 h5 27. h3 Kh7 28. Ke3 Kg6 29. h4 Rb1 30. Ke2 Rg1 31. Kf2 Rd1 32. Ke3 Bf5 33. Nxf5 Re6+ 34. Kf3 Rf1+ 35. Kg3 Rxf5 36. Ra5 a6 37. Bf8 Rfe5 38. Rc5 Rb6 39. Ra5 Kf5 40. Kf3 g5 41. Bc5 g4+ 42. Kg3 Rb2 43. Nd4+ Ke4 44. Rxa6 Kd3 45. Kh2 Kc4 46. Ra5 f5 47. Bd6 Re4 48. Nxf5 Ree2 49. Rc5+ Kb4 50. Rc2+ Ka4 51. Rxb2 Rxb2 52. a3 Rc2 53. Bb4 Re2 54. Nd4 Re3 55. Bc5 Rc3 56. Ne6 Kb5 57. Bd6 Re3 58. Nf4 d4 59. Nd5 Re1 60. Nf4 Re8 61. Kg1 g3 62. Kf1 Kc6 63. Bb4 Re5 64. Be1 Kb5 65. Bxg3 Ka4 66. Bf2 Kb3 67. g3 Kc4 68. Be1 d3 69. Kf2 Kb3 70. Nxd3 Rf5+ 71. Nf4 Kxa3 72. Kf3 Rb5 73. Bf2 Kb2 74. Be3 Kc3 75. g4 hxg4+ 76. Kxg4 Re5 77. h5 Kc4 78. Bf2 Re8 79. h6 Re7 80. Kg5 Rd7 81. Ne6 Kd5 82. Ng7 Rd8 83. h7 1-0

[Event "Mort2215s: 10 Euro playmoney, 11 players"]
[Site "www.chessgamble.com"]
[Date "2020.11.03"]
[Round "1"]
[White "Nexus"]
[Black "Bauernopfer"]
[Result "0-1"]
[WhiteElo "1911"]
[BlackElo "2146"]
[TimeControl "10/864000"]
[Mode "ICS"]

1. e4 e5 2. Bc4 Nc6 3. Nc3 Nf6 4. Nf3 Be7 5. d4 d6 6. Bg5 exd4 7. Nxd4 Nxe4 8. Nxc6 bxc6 9. Bxe7 Qxe7 10. O-O Nxc3 11. bxc3 Kf8 12. Qf3 d5 13. Rfe1 Qg5 14. Bd3 Rb8 15. h3 Rb2 16. c4 Qf6 17. Qe3 Be6 18. Qxa7 g6 19. cxd5 Bxd5 20. Qxc7 Kg7 21. a4 Rhb8 22. Qe5 Qxe5 23. Rxe5 Kf6 24. f4 Rb1+ 25. Rxb1 Rxb1+ 26. Kf2 Rb4 27. Kg3 Rxa4 28. h4 h6 29. Re8 g5 30. fxg5+ hxg5 31. h5 Rh4 32. Be2 Be6 33. Bf3 Rc4 34. Bd1 Bf5 35. h6 Kg6 36. Rh8 Rh4 37. Bf3 c5 38. c3 Rxh6 39. Rxh6+ Kxh6 40. Bc6 Kh5 41. Bf3+ Kg6 42. Bc6 Kf6 43. Kf3 Ke5 44. g4 Be6 45. Kg3 Bd5 46. Bd7 Ke4 47. Bb5 c4 48. Be8 Kd3 49. Bd7 Kxc3 50. Ba4 Kd2 51. Be8 f6 52. 0-1

[Event "Mort2215s: 10 Euro playmoney, 11 players"]
[Site "www.chessgamble.com"]
[Date "2020.11.03"]
[Round "1"]
[White "Bauernopfer"]
[Black "Nexus"]
[Result "1-0"]
[WhiteElo "2146"]
[BlackElo "1911"]
[TimeControl "10/864000"]
[Mode "ICS"]

1. d4 d5 2. c4 dxc4 3. Nf3 Nf6 4. Nc3 a6 5. e4 b5 6. e5 Nd5 7. a4 Nxc3 8. bxc3 Qd5 9. g3 Bb7 10. Bg2 Qd7 11. e6 Qxe6+ 12. Be3 Bc6 13. axb5 axb5 14. O-O Rxa1 15. Qxa1 h6 16. Bf4 Qe2 17. Re1 Qd3 18. Re3 Qf5 19. Bxc7 Nd7 20. Qa6 Nb8 21. Qb6 f6 22. Bxb8 Ba8 23. Bd6 Be4 24. Nh4 1-0

[Event "Mort2215s: 10 Euro playmoney, 11 players"]
[Site "www.chessgamble.com"]
[Date "2020.11.03"]
[Round "1"]
[White "Bauernopfer"]
[Black "Lev"]
[Result "1-0"]
[WhiteElo "2146"]
[BlackElo "1986"]
[TimeControl "10/864000"]
[Mode "ICS"]

1. e4 c6 2. d4 d5 3. Nc3 dxe4 4. Nxe4 Nf6 5. Nxf6+ gxf6 6. Nf3 Bg4 7. Be2 Nd7 8. O-O Bg7 9. h3 Be6 10. Qd3 Qc7 11. a4 O-O-O 12. a5 Nc5 13. Qe3 Na6 14. Bxa6 bxa6 15. Bd2 Bc4 16. Rfe1 e6 17. b3 Bd5 18. Qd3 Bxf3 19. Qxa6+ Kb8 20. gxf3 Rxd4 21. Be3 Rh4 22. Ra4 Rxa4 23. bxa4 Ka8 24. Rb1 Rb8 25. Rb6 f5 26. Rxc6 Qd7 27. Rd6 Qc7 28. Bb6 Qb7 29. Qxb7+ Rxb7 30. Be3 Rc7 31. a6 Bf6 32. Rd2 h5 33. a5 Kb8 34. Kg2 h4 35. c3 Rc6 36. Rb2+ Ka8 37. Bf4 e5 38. Be3 f4 39. Bd2 Rd6 40. c4 Rxa6 41. Rb5 Rc6 42. c5 Be7 43. Bb4 f5 44. Bc3 a6 45. Rb6 Rxc5 46. Rxa6+ Kb7 47. Re6 Kc8 48. Bb4 Rb5 49. Bxe7 Kd7 50. Rb6 Rxa5 51. Bxh4 Ra8 52. Bf6 Ra5 53. h4 Rc5 54. h5 1-0

[Event "Mort2215s: 10 Euro playmoney, 11 players"]
[Site "www.chessgamble.com"]
[Date "2020.11.03"]
[Round "1"]
[White "Lev"]
[Black "Bauernopfer"]
[Result "0-1"]
[WhiteElo "1986"]
[BlackElo "2146"]
[TimeControl "10/864000"]
[Mode "ICS"]

1. e4 e6 2. d4 d5 3. e5 c5 4. Nf3 cxd4 5. Bb5+ Bd7 6. Nxd4 Bxb5 7. Nxb5 a6 8. Nd4 Nd7 9. O-O Nxe5 10. Qh5 Ng6 11. Bg5 Qb6 12. Nb3 Nf6 13. Qf3 Rc8 14. Nc3 Be7 15. Be3 Qb4 16. a4 O-O 17. Rfd1 Nh4 18. Qf4 Nf5 19. a5 Bd6 20. Qxb4 Bxb4 21. Rd3 Bxc3 22. Rxc3 Rxc3 23. bxc3 Nxe3 24. fxe3 Rc8 25. Nd4 Rc7 26. Ra2 Ng4 27. c4 Rxc4 28. Rb2 Nxe3 29. Rxb7 h5 30. c3 Rxc3 31. Re7 Rc4 32. Ne2 h4 33. h3 Rc2 34. Kf2 Nxg2 35. Kf3 Ne1+ 36. Ke3 Rc5 37. Kd2 Nf3+ 38. Ke3 Ng5 39. Ra7 Rxa5 40. 0-1

[Event "Mort2215s: 10 Euro playmoney, 11 players"]
[Site "www.chessgamble.com"]
[Date "2020.11.03"]
[Round "1"]
[White "baller"]
[Black "Bauernopfer"]
[Result "0-1"]
[WhiteElo "1944"]
[BlackElo "2146"]
[TimeControl "10/864000"]
[Mode "ICS"]

1. e4 c6 2. d4 d5 3. exd5 cxd5 4. c4 Nf6 5. Nc3 Nc6 6. cxd5 Nxd5 7. Nf3 Bg4 8. h3 Bxf3 9. Qxf3 e6 10. Nxd5 exd5 11. Qe3+ Qe7 12. Bb5 a6 13. Qxe7+ Bxe7 14. Bxc6+ bxc6 15. Bf4 Bf6 16. O-O-O Kd7 17. Rhe1 Rhe8 18. Be5 Bxe5 19. dxe5 Rab8 20. f4 Rb4 21. g3 Ra4 22. Kb1 Rb4 23. Kc2 a5 24. f5 Rc4+ 25. Kd3 Ra4 26. a3 c5 27. Rc1 Rd4+ 28. Kc2 a4 29. g4 g5 30. Kc3 Rf4 31. Re2 Rc4+ 32. 0-1

[Event "Mort2215s: 10 Euro playmoney, 11 players"]
[Site "www.chessgamble.com"]
[Date "2020.11.03"]
[Round "1"]
[White "Bauernopfer"]
[Black "baller"]
[Result "1-0"]
[WhiteElo "2146"]
[BlackElo "1944"]
[TimeControl "10/864000"]
[Mode "ICS"]

1. e4 e6 2. d4 d5 3. e5 b6 4. c3 Nh6 5. Bxh6 gxh6 6. Nd2 c5 7. Nh3 Rg8 8. Nf4 Ba6 9. Bxa6 Nxa6 10. Qa4+ Qd7 11. Qxa6 b5 12. a4 cxd4 13. cxd4 Rb8 14. axb5 Rxb5 15. Rc1 Rb8 16. Rc2 Bb4 17. Qd3 Rg7 18. Nh5 f5 19. Nf6+ 1-0

[Event "Mort2215s: 10 Euro playmoney, 11 players"]
[Site "www.chessgamble.com"]
[Date "2020.11.03"]
[Round "1"]
[White "Frankfurter"]
[Black "BuchnerF"]
[Result "0-1"]
[WhiteElo "1738"]
[BlackElo "2121"]
[TimeControl "10/864000"]
[Mode "ICS"]

1. e4 e5 2. Nf3 Nf6 3. Nxe5 d6 4. Nf3 Nxe4 5. d4 Nc6 6. Bd3 d5 7. O-O Bg4 8. Nc3 f5 9. Be3 Bb4 10. h3 Bxf3 11. Qxf3 O-O 12. Qh5 g6 13. Qh6 Bxc3 14. Bxe4 Bxb2 15. Rab1 Bxd4 16. Bg5 Qd6 17. Bf4 Qc5 18. Bd3 Nb4 19. a4 Rfe8 20. Bd2 a5 21. Bf4 b6 22. Rbc1 Bb2 23. Rcd1 Nxd3 24. cxd3 Bg7 25. Qh4 Qb4 26. d4 Re4 27. Rd3 Qxa4 28. Rc1 c6 29. Qg5 Bxd4 30. Bd6 c5 31. Qh6 Qd7 32. Bf4 b5 33. 0-1

[Event "Mort2215s: 10 Euro playmoney, 11 players"]
[Site "www.chessgamble.com"]
[Date "2020.11.03"]
[Round "1"]
[White "BuchnerF"]
[Black "Frankfurter"]
[Result "1-0"]
[WhiteElo "2121"]
[BlackElo "1738"]
[TimeControl "10/864000"]
[Mode "ICS"]

1. d4 d5 2. c4 dxc4 3. Nf3 Nf6 4. Nc3 a6 5. e4 b5 6. e5 Nd5 7. a4 Nxc3 8. bxc3 Qd5 9. g3 Bb7 10. Bg2 Qd7 11. e6 Qxe6+ 12. Be3 Nd7 13. O-O h6 14. Bf4 g5 15. Bxc7 Nf6 16. axb5 axb5 17. Nxg5 hxg5 18. Bxb7 Rxa1 19. Qxa1 Ng4 20. Qa8+ Kd7 21. Qd8#

[Event "Mort2215s: 10 Euro playmoney, 11 players"]
[Site "www.chessgamble.com"]
[Date "2020.11.03"]
[Round "1"]
[White "FrankP"]
[Black "Frankfurter"]
[Result "1/2-1/2"]
[WhiteElo "1525"]
[BlackElo "1738"]
[TimeControl "10/864000"]
[Mode "ICS"]

1. d4 d5 2. c4 e6 3. Nc3 Nf6 4. Bg5 Be7 5. e3 O-O 6. Nf3 h6 7. Bh4 Ne4 8. Bxe7 Qxe7 9. Nxe4 dxe4 10. Nd2 Qb4 11. g4 f5 12. gxf5 exf5 13. Qb3 Nc6 14. Qxb4 Nxb4 15. c5 Nc2+ 16. Kd1 Nxa1 17. Bc4+ Kh7 18. b4 Bd7 19. Rg1 Ba4+ 20. Ke2 a5 21. Rxa1 axb4 22. Rb1 Kg6 23. Rxb4 Rfb8 24. Rb1 Ra5 25. Rg1+ Kf6 26. Rg2 g5 27. Rg3 Rd8 28. Rh3 Kg6 29. f3 Bb5 30. fxe4 Bxc4+ 31. Nxc4 Ra7 32. Ne5+ Kg7 33. exf5 Rxa2+ 34. Kd3 b5 35. cxb6 Ra3+ 36. Ke4 cxb6 37. f6+ Kh7 38. Rf3 Rg8 39. f7 Rf8 40. Nd7 Kg7 41. Nxf8 Kxf8 42. Rf6 Ra2 43. Rxb6 Rxh2 44. Rb7 Rf2 45. Rb6 Kg7 46. Rb7 h5 47. Rb5 Kg6 48. Rb7 Rxf7 49. Rxf7 Kxf7 50. Kf5 g4 51. Kf4 Ke7 52. e4 Kd7 53. Kg3 Kd6 54. Kh4 Ke6 55. 1/2-1/2

[Event "Mort2215s: 10 Euro playmoney, 11 players"]
[Site "www.chessgamble.com"]
[Date "2020.11.03"]
[Round "1"]
[White "Frankfurter"]
[Black "FrankP"]
[Result "0-1"]
[WhiteElo "1738"]
[BlackElo "1525"]
[TimeControl "10/864000"]
[Mode "ICS"]

1. e4 e5 2. Nf3 d6 3. d4 Nd7 4. Bc4 Qf6 5. Bg5 Qg6 6. Nc3 exd4 7. Qxd4 a5 8. Qd5 c6 9. Qd4 Be7 10. h4 Bxg5 11. hxg5 h6 12. O-O-O b5 13. Bb3 b4 14. Ne2 a4 15. Nf4 Qh7 16. Bxf7+ Kxf7 17. Qc4+ d5 18. g6+ Qxg6 19. Nxg6 dxc4 20. Nxh8+ Ke6 21. Ng6 a3 22. Rh5 axb2+ 23. Kxb2 Ngf6 24. Rh4 c3+ 25. Kb3 c5 26. Nf4+ Kf7 27. e5 Ra3+ 28. Kc4 Ba6#

[Event "Mort2215s: 10 Euro playmoney, 11 players"]
[Site "www.chessgamble.com"]
[Date "2020.11.03"]
[Round "1"]
[White "Frankfurter"]
[Black "Nexus"]
[Result "1-0"]
[WhiteElo "1738"]
[BlackElo "1911"]
[TimeControl "10/864000"]
[Mode "ICS"]

1. e4 e5 2. Bc4 Nf6 3. d4 Nc6 4. d5 b5 5. Bxb5 Nd4 6. Bd3 Bb4+ 7. c3 c6 8. cxb4 cxd5 9. Nc3 dxe4 10. Nxe4 d5 11. Nxf6+ Qxf6 12. Kf1 e4 13. Be2 O-O 14. Be3 Nxe2 15. Nxe2 Ba6 16. Rb1 Bxe2+ 17. Qxe2 d4 18. Bd2 e3 19. Be1 Rac8 20. Rd1 Rfe8 21. b5 exf2 22. Qxf2 Qe6 23. Kg1 Red8 24. Bb4 Qxa2 25. Be7 Qa4 26. Rf1 Qb3 27. Bxd8 Rxd8 28. Ra1 Rd7 29. Qe2 Qe6 30. Qxe6 fxe6 31. Kf2 e5 32. Rhe1 d3 33. Rad1 d2 34. Rxe5 1-0